 Dungeon Crawl Stone Soup version 0.30.1-11-g7821555f0a (webtiles) character file.

Game seed: 1608727556834941813

42629 Zeor the Slicer (level 13, -10/94 (104) HPs)
             Began as a Demonspawn Gladiator on Nov 3, 2023.
             Was an Elder of Kikubaaqudgha.
             Killed from afar by a fire dragon (67 damage)
             ... with a blast of flame
             ... on level 5 of the Lair of Beasts on Nov 8, 2023.
             The game lasted 01:13:50 (18951 turns).

Zeor the Slicer (Demonspawn Gladiator)             Turns: 18951, Time: 01:13:52

HP:   -10/94 (104)  AC: 22    Str: 19    XL:     13   Next: 86%
MP:   23/27         EV: 16    Int: 20    God:    Kikubaaqudgha [****..]
Gold: 978           SH:  5    Dex: 15    Spells: 9/32 levels left

rFire   . . .        a - +2 rapier (protect)
rCold   . . .        s - orb {guile}
rNeg    . . .        J - +1 leather armour "Wiatent" {Str+5 Int+5 Slay+2}
rPois   +            c - +1 helmet
rElec   .            x - +1 cloak
rCorr   .            p - +1 pair of gloves
SInv    .            (no boots)
Will    .....        u - amulet of reflection
Stlth   ++           g - ring of willpower
HPRegen 0.35/turn    E - +4 ring of slaying
MPRegen 0.20/turn

%: reflection
@: under a protective aura, drained
A: claws 2, slimy green scales 3, powered by death 3
a: Renounce Religion, Unearth Wretches


You were on level 5 of the Lair of Beasts.
You worshipped Kikubaaqudgha.
Kikubaaqudgha was greatly pleased with you.
You visited 3 branches of the dungeon, and saw 17 of its levels.
You also visited: Sewer and Gauntlet.

You collected 1195 gold pieces.
You spent 217 gold pieces at shops.

Inventory:

Hand Weapons
 a - a +2 rapier of protection (weapon)
 b - the +1 dagger of Compulsion {elec, rN+ Will+ SInv Stlth-}
   (You found it on level 2 of the Lair of Beasts)

   rN:        It protects you from negative energy.
   SInv:      It lets you see invisible.
   Will:      It increases your willpower.
   Stlth:     It makes you less stealthy.
 L - a +2 heavy long sword
Missiles
 e - 6 javelins (quivered)
 M - a throwing net
 P - 2 curare-tipped darts
Armour
 c - a +1 helmet (worn)
 k - the +1 robe of Biergh {rPois rC+ rN+ Stlth-}
   (You found it on level 7 of the Dungeon)

   rC:        It protects you from cold.
   rPois:     It protects you from poison.
   rN:        It protects you from negative energy.
   Stlth:     It makes you less stealthy.
 p - a +1 pair of gloves (worn)
 s - an orb of guile (worn)
 x - a +1 cloak (worn)
 J - the +1 leather armour "Wiatent" (worn) {Str+5 Int+5 Slay+2}
   (You bought it in a shop on level 10 of the Dungeon)

   Str:       It affects your strength (+5).
   Int:       It affects your intelligence (+5).
   Slay:      It affects your accuracy & damage with ranged weapons and melee
   (+2).
Jewellery
 g - a ring of willpower (left hand)
 h - a ring of flight
 l - an amulet of regeneration
 u - an amulet of reflection (around neck)
 v - an amulet of guardian spirit
 E - a +4 ring of slaying (right hand)
 H - an amulet of the acrobat
 I - a ring of protection from fire
Wands
 q - a wand of acid (14)
 t - a wand of polymorph (15)
 y - a wand of paralysis (9)
 A - a wand of flame (19)
 K - a wand of roots (4)
Scrolls
 m - 5 scrolls of teleportation
 n - a scroll of silence
 w - 2 scrolls of magic mapping
 z - a scroll of butterflies
 B - 5 scrolls of amnesia
 D - 4 scrolls of identify
 F - a scroll of vulnerability
 O - 2 scrolls of fog
Potions
 d - a potion of might
 f - 3 potions of attraction
 i - 4 potions of curing
 j - 7 potions of mutation
 o - a potion of resistance
 C - a potion of brilliance
 G - 2 potions of magic
 N - 3 potions of flight
 Q - a potion of lignification
 R - a potion of invisibility {unknown}


   Skills:
 * Level 10.3 Fighting
 + Level 11.1 Short Blades
 + Level 0.9(7.0) Long Blades
 + Level 2.0 Throwing
 + Level 4.3 Armour
 + Level 9.9 Dodging
 + Level 3.8 Stealth
 + Level 2.9 Shields
 * Level 10.1 Spellcasting
 + Level 1.7 Hexes
 * Level 9.0 Necromancy
 + Level 3.2 Ice Magic


You had 9 spell levels left.
You knew the following spells:

 Your Spells              Type           Power      Damage    Failure   Level
a - Anguish               Hex/Necr       15%        N/A       9%          4
c - Death Channel         Necr           23%        N/A       28%         6
d - Dispel Undead         Necr           46%        3d18      1%          4
f - Frozen Ramparts       Ice            46%        1d7       6%          3
n - Necrotise             Necr           100%       1d9       1%          1
r - Cigotuvi's Dreadful   Necr/Pois/Air  44%        N/A       3%          2
v - Vampiric Draining     Necr           46%        2d9       1%          3

Your spell library contained the following spells:

 Spells                   Type           Power      Damage    Failure   Level
 Sublimation of Blood     Necr           46%        N/A       1%          2
 Slow                     Hex            68%        N/A       3%          1
 Wereblood                Tmut           10%        N/A       12%         2
 Confusing Touch          Hex            17%        N/A       12%         3
 Tukima's Dance           Hex            17%        N/A       12%         3
 Portal Projectile        Hex/Tloc       26%        N/A       17%         3
 Gell's Gravitas          Tloc           10%        N/A       24%         3
 Teleport Other           Tloc           10%        N/A       24%         3
 Ice Form                 Ice/Tmut       16%        N/A       36%         4
 Summon Ice Beast         Ice/Summ       16%        N/A       36%         4
 Simulacrum               Ice/Necr       17%        N/A       67%         6
 Blade Hands              Tmut           5%         N/A       91%         5
 Dispersal                Tloc           5%         N/A       100%        6
 Summon Hydra             Summ           5%         N/A       100%        7


Dungeon Overview and Level Annotations

Branches:
Dungeon (11/15)            Temple (1/1) D:5            Lair (5/5) D:10
 Shoals (0/4) Lair:3       Spider (0/4) Lair:2        Slime (0/5) Lair:4
    Orc (0/2) D:10          Sewer (visited)         Gauntlet (visited)

Altars:
Ashenzari
Cheibriados
Dithmenos
Fedhas
Gozag
Hepliaklqana
Kikubaaqudgha
Makhleb
Nemelex Xobeh
Okawaru
Qazlal
Ru
Sif Muna
Trog
Uskayaw
Vehumet
Wu Jian
Xom
Yredelemnul
Jiyva

Shops:
D:5 ::   D:10 [

Annotations:
D:10 3 runed translucent doors, wesleywilliam's ghost, novice MiFi
Lair:5 1 runed translucent door


Innate Abilities, Weirdness & Mutations

You have very sharp fingernails.
You are completely covered in slimy green scales. (AC +4, rPois)
You regenerate a lot of health from kills.


Message History

Your weapon exudes an aura of protection.
The fire dragon is heavily wounded.
The fire dragon bites you but does no damage.
The fire dragon barely misses you. x2
The swamp dragon bites you but does no damage.
The swamp dragon claws you but does no damage.
The swamp dragon tramples you.
You hold your ground!
The swamp dragon is wracked by anguish.
You closely miss the fire dragon.
The fire dragon is heavily wounded.
You barely miss the fire dragon.
The fire dragon is heavily wounded.
A nearby plant withers and dies.
You block the fire dragon's attack. x2
The fire dragon barely misses you. The swamp dragon bites you.
The swamp dragon is wracked by anguish.
You block the swamp dragon's attack. The swamp dragon closely misses you.
You hit the fire dragon.
The fire dragon is heavily wounded.
The fire dragon bites you but does no damage.
The fire dragon claws you but does no damage.
The fire dragon barely misses you.
The swamp dragon breathes poison at you.
The blast of poison misses you.
You hit the fire dragon but do no damage.
The fire dragon is heavily wounded.
You closely miss the fire dragon.
The fire dragon is heavily wounded.
The fire dragon closely misses you.
The fire dragon claws you but does no damage.
The fire dragon tramples you but does no damage.
The swamp dragon barely misses you.
The swamp dragon claws you but does no damage.
You block the swamp dragon's attack.
You closely miss the fire dragon.
The fire dragon is heavily wounded.
The fire dragon breathes flames at you. The blast of flame hits you!!!
Ouch! That really hurt!
You die...
Kikubaaqudgha rasps: "You have failed me!
Welcome... death!"

≈≈∙D≈~∙~♣♣
≈≈∙~~≈∙P∙♣♣
D~∙∙~~∙∙∙∙♣
∙∙∙$P~♣≈∙∙♣ ∙♣
)[D/♣♣♣≈≈~♣
♣∙♣♣ (∙$
♣♣~○∙~♣ ≈~P♣♣♣
♣♣∙☼#☼♣♣ ♣♣
♣≈∙∙♣♣
♣♣°D∙D∙♣ ♣∙♣
∙≈∙∙♣♣♣~○☼6♣♣♣
♣∙∙♣♣
♣≈≈~~≈~♣☼♣♣


∙∙∙∙∙ ♣♣≈~~~∙P☼☼♣ ♣P∙♣♣~~∙P∙∙∙∙♣♣ ♣♣♣♣♣≈~~♣∙∙♣∙∙♣♣ ∙~♣∙~~∙♣♣∙∙∙♣♣♣ ~~~≈~†♣∙∙P∙♣♣
♣♣∙∙♣∙♣P♣♣♣♣ ♣♣♣♣♣♣♣♣♣ You could see a fire dragon (catching breath, anguished)
and a swamp dragon (catching breath, anguished).

Vanquished Creatures
  2 hydras (Lair:5)
  A two-headed ogre (D:10)
  Amaemon (D:9)
  3 lindwurms
  4 elephants (Lair:5)
  4 black mambas
  Maggie (Lair:1)
  6 torpor snails
  An orange demon (D:9)
  A gargoyle (D:10)
  5 rime drakes
  An unseen horror (D:11)
  16 cane toads
  8 komodo dragons
  A kobold demonologist (D:11)
  2 trolls
  3 polar bears
  7 hornets
  Grinder (D:3)
  2 tyrant leeches (Lair:5)
  23 blink frogs
  5 dream sheep (Lair:3)
  Sigmund (D:6)
  A shadow (D:10)
  2 wyverns
  42 yaks
  4 basilisks
  2 redbacks (Lair:2)
  3 steam dragons
  9 water moccasins
  2 acid dragons
  Duvessa (D:6)
  2 ice beasts (D:5)
  6 orc warriors
  A swamp drake (Lair:5)
  2 sky beasts
  3 black bears
  2 centaurs
  5 wolves (Lair:5)
  2 kobold brigands
  12 bullfrogs
  A scorpion (D:4)
  Dowan (D:6)
  8 killer bees (D:9)
  7 howler monkeys
  An electric eel (D:10)
  9 hounds
  4 orc priests
  Jessica (D:2)
  5 hell rats (Lair:5)
  11 iguanas
  10 orc wizards
  8 adders
  5 river rats
  2 shadow imps (D:8)
  An ufetubus (D:4)
  2 worms (D:4)
  3 dart slugs
  31 orcs
  11 ball pythons
  6 endoplasms
  5 giant cockroaches
  5 goblins
  6 hobgoblins
  3 jackals (D:2)
  13 kobolds
  5 quokkas
  5 bats
  9 frilled lizards
  21 rats
399 creatures vanquished.

Vanquished Creatures (collateral kills)
  An elephant (Lair:5)
  A rime drake (Lair:5)
  2 hornets (Lair:5)
  3 blink frogs
  2 yaks (Lair:3)
  An electric eel (Lair:5)
10 creatures vanquished.

Vanquished Creatures (others)
  An elephant (Lair:5)
  2 komodo dragons
  2 tyrant leeches (Lair:5)
  3 kobolds (D:6)
8 creatures vanquished.

Grand Total: 417 creatures vanquished

Notes
Turn   | Place    | Note
-------+----------+-------------------------------------------
     0 | D:1      | Zeor the Demonspawn Gladiator began the quest for the Orb.
     0 | D:1      | Reached XP level 1. HP: 16/16 MP: 1/1
   276 | D:1      | Reached skill level 3 in Short Blades
   276 | D:1      | Gained mutation: You are partially covered in slimy green
                  | scales. (AC +2) [demonic ancestry]
   276 | D:1      | Reached XP level 2. HP: 15/22 MP: 2/2
   711 | D:2      | Noticed Jessica
   768 | D:2      | Killed Jessica
   769 | D:2      | Reached skill level 1 in Armour
   769 | D:2      | Gained mutation: You are mostly covered in slimy green
                  | scales. (AC +3) [demonic ancestry]
   769 | D:2      | Reached XP level 3. HP: 24/27 MP: 3/3
   996 | D:2      | Found a faded altar of an unknown god.
  1273 | D:3      | Noticed Grinder
  1287 | D:3      | Killed Grinder
  1288 | D:3      | Reached skill level 4 in Short Blades
  1288 | D:3      | Reached skill level 1 in Spellcasting
  1288 | D:3      | Gained mutation: You have sharp fingernails. [demonic
                  | ancestry]
  1288 | D:3      | Reached XP level 4. HP: 24/34 MP: 4/6
  1288 | D:3      | Reached XP level 5. HP: 28/39 MP: 4/7
  1288 | D:3      | Gained mutation: You regenerate a little health from kills.
                  | [demonic ancestry]
  1288 | D:3      | Reached XP level 6. HP: 33/46 MP: 4/8
  2297 | D:4      | Found an ornate altar of the Wu Jian Council.
  2297 | D:4      | Found a hazy altar of Hepliaklqana.
  2379 | D:4      | Reached skill level 1 in Stealth
  2446 | D:4      | Found a sacrificial altar of Ru.
  2733 | D:4      | Reached skill level 5 in Short Blades
  2733 | D:4      | Gained mutation: You have very sharp fingernails. [demonic
                  | ancestry]
  2733 | D:4      | Reached XP level 7. HP: 50/51 MP: 9/11
  3339 | D:5      | Entered Level 5 of the Dungeon
  3342 | D:5      | Found Wuca's Tremendous Tomes.
  3399 | D:5      | Found a glowing drain.
  3442 | Sewer    | Entered a sewer
  3903 | D:5      | Found a staircase to the Ecumenical Temple.
  3920 | Temple   | Entered the Ecumenical Temple
  4169 | D:5      | Found Jaariff's Book Shop.
  4513 | D:5      | Gained mutation: You regenerate health from kills. [demonic
                  | ancestry]
  4513 | D:5      | Reached XP level 8. HP: 36/58 MP: 11/13
  4796 | D:6      | Noticed Sigmund
  4810 | D:6      | Killed Sigmund
  4811 | D:6      | Reached skill level 6 in Short Blades
  4971 | D:6      | Reached skill level 5 in Dodging
  5274 | D:6      | Noticed Duvessa
  5274 | D:6      | Noticed Dowan
  5289 | D:6      | Killed Duvessa
  5298 | D:6      | Killed Dowan
  5545 | D:6      | Gained mutation: You are completely covered in slimy green
                  | scales. (AC +4, rPois) [demonic ancestry]
  5545 | D:6      | Reached XP level 9. HP: 44/66 MP: 15/15
  5774 | D:7      | Reached skill level 7 in Short Blades
  5984 | D:7      | Identified the +1 robe of Biergh {rPois rC+ rN+ Stlth-}
  6211 | D:7      | Reached skill level 5 in Fighting
  6618 | D:8      | Reached skill level 8 in Short Blades
  6720 | D:8      | Reached skill level 5 in Spellcasting
  7170 | D:9      | Found an ancient bone altar of Kikubaaqudgha.
  7172 | D:9      | Noticed a troll
  7186 | D:9      | Killed a troll
  7187 | D:9      | Reached XP level 10. HP: 72/74 MP: 17/17
  7217 | D:9      | Became a worshipper of Kikubaaqudgha
  7712 | D:9      | Noticed an orange demon
  7740 | D:9      | Killed an orange demon
  7761 | D:9      | Noticed Amaemon
  7797 | D:9      | Killed Amaemon
  7798 | D:9      | Reached skill level 9 in Short Blades
  7798 | D:9      | Reached skill level 1 in Necromancy
  8657 | D:10     | Entered Level 10 of the Dungeon
  8903 | D:11     | Noticed a rust devil
  8913 | D:11     | Noticed a boulder beetle
  8921 | D:11     | Reached * piety under Kikubaaqudgha
  8921 | D:11     | Received a gift from Kikubaaqudgha
  8926 | D:11     | Noticed a soul eater
  8937 | D:11     | Gained mutation: You regenerate a lot of health from kills.
                  | [demonic ancestry]
  8937 | D:11     | Reached XP level 11. HP: 81/83 MP: 20/20
  8986 | D:11     | Learned a level 3 spell: Vampiric Draining
  8989 | D:11     | Learned a level 2 spell: Cigotuvi's Dreadful Rot
  9052 | D:10     | Found a staircase to the Orcish Mines.
  9073 | D:10     | Noticed a two-headed ogre
  9106 | D:10     | Killed a two-headed ogre
  9197 | D:10     | Found a shadowy altar of Dithmenos.
  9197 | D:10     | Found a bloodstained altar of Trog.
  9239 | D:10     | Found a stormy altar of Qazlal.
  9318 | D:10     | Found a runed translucent gate.
  9320 | D:10     | Found a runed translucent gate.
  9320 | D:10     | Found an opulent altar of Gozag.
  9321 | D:10     | Found a runed translucent gate.
  9322 | D:10     | Noticed a brown ugly thing
  9323 | D:10     | Noticed wesleywilliam's ghost (novice MiFi)
  9323 | D:10     | Noticed an orc knight
  9580 | D:10     | Found a staircase to the Lair.
  9711 | D:10     | Found Jili's Antique Armour Emporium.
  9733 | D:10     | Bought a distressingly furry leather armour for 217 gold
                  | pieces
  9733 | D:10     | Identified the +1 leather armour "Wiatent" {Str+5 Int+5
                  | Slay+2} (You bought it in a shop on level 10 of the
                  | Dungeon)
 10002 | D:10     | Learned a level 1 spell: Necrotise
 10261 | Lair:1   | Entered Level 1 of the Lair of Beasts
 10619 | Lair:1   | Noticed Maggie
 10622 | Lair:1   | Killed Maggie
 10630 | Lair:1   | Reached skill level 5 in Necromancy
 10813 | Lair:1   | Reached skill level 1 in Shields
 10839 | Lair:1   | Reached skill level 10 in Short Blades
 11904 | Lair:2   | Noticed a lindwurm
 11924 | Lair:2   | Killed a lindwurm
 12065 | Lair:2   | Found a hole to the Spider Nest.
 12116 | Lair:2   | Reached XP level 12. HP: 51/94 MP: 22/22
 12155 | Lair:2   | Reached ** piety under Kikubaaqudgha
 12748 | Lair:2   | Identified the +1 dagger of Compulsion {elec, rN+ Will+
                  | SInv Stlth-}
 13411 | Lair:2   | Noticed a death yak
 13738 | Lair:3   | Reached *** piety under Kikubaaqudgha
 13738 | Lair:3   | Received a gift from Kikubaaqudgha
 13773 | Lair:3   | Found a gate leading to a gauntlet.
 13782 | Gauntlet | Entered a Gauntlet
 13782 | Gauntlet | Noticed a balrug
 13782 | Gauntlet | Found a large runed translucent door.
 13782 | Gauntlet | Found a large runed translucent door.
 13782 | Gauntlet | Found a large runed translucent door.
 13782 | Gauntlet | Found a large runed translucent door.
 13782 | Gauntlet | Found a runed translucent door.
 13782 | Gauntlet | Found a large runed translucent door.
 13782 | Gauntlet | Found a large runed translucent door.
 13782 | Gauntlet | Found a transporter.
 13782 | Gauntlet | Found a transporter.
 13782 | Gauntlet | Found a large runed translucent door.
 13782 | Gauntlet | Found a large runed translucent door.
 13782 | Gauntlet | Found a runed translucent gate.
 13782 | Gauntlet | Found a runed translucent gate.
 13782 | Gauntlet | Found a transporter.
 13782 | Gauntlet | Found a transporter.
 13838 | Gauntlet | Learned a level 4 spell: Dispel Undead
 13843 | Gauntlet | Learned a level 4 spell: Anguish
 13850 | Gauntlet | Learned a level 6 spell: Death Channel
 13854 | Gauntlet | Learned a level 3 spell: Frozen Ramparts
 13856 | Gauntlet | Found a transporter.
 13868 | Gauntlet | Found a transporter.
 13926 | Gauntlet | Found a runed translucent door.
 13927 | Gauntlet | Found a large runed translucent door.
 13927 | Gauntlet | Found a large runed translucent door.
 13927 | Gauntlet | Found a large runed translucent door.
 13927 | Gauntlet | Found a large runed translucent door.
 13928 | Gauntlet | Found a large runed translucent door.
 13928 | Gauntlet | Found a large runed translucent door.
 13929 | Gauntlet | Found a large runed translucent door.
 13929 | Gauntlet | Found a large runed translucent door.
 13933 | Gauntlet | Found a transporter.
 13943 | Gauntlet | Found a transporter.
 13958 | Gauntlet | Found a transporter.
 13972 | Gauntlet | Found a transporter.
 13983 | Gauntlet | Found a transporter.
 13989 | Gauntlet | Found a transporter.
 14012 | Gauntlet | Found a runed translucent gate.
 14462 | Lair:3   | HP: 1/86 [cane toad (49)]
 14620 | Lair:3   | Found a staircase to the Shoals.
 15411 | Lair:4   | Found a viscous altar of Jiyva.
 15411 | Lair:4   | Found a staircase to the Slime Pits.
 15478 | Lair:4   | Reached XP level 13. HP: 101/101 MP: 15/25
 15567 | Lair:4   | Reached skill level 1 in Ice Magic
 16230 | Lair:5   | Entered Level 5 of the Lair of Beasts
 16289 | Lair:5   | Reached skill level 1 in Hexes
 16525 | Lair:5   | Reached skill level 11 in Short Blades
 17054 | Lair:5   | Reached **** piety under Kikubaaqudgha
 17609 | Lair:5   | Found a runed translucent door.
 17610 | Lair:5   | Noticed a fire dragon
 17780 | Lair:5   | Reached skill level 10 in Fighting
 18110 | Lair:5   | Paralysed by a hornet for 2 turns
 18119 | Lair:5   | Reached skill level 10 in Spellcasting
 18921 | Lair:5   | Noticed a fire dragon
 18951 | Lair:5   | Killed from afar by a fire dragon

Illustrated notes

Levels and vault maps discovered:
D:1:      minmay_arrival_three_doors, layout_basic
D:2:      layout_rooms, shapermc_ecumenical_altar_mp_urbaneastern, uniq_jessica
D:3:      layout_loops_corners, uniq_grinder
D:4:      layout_loops_cross, nicolae_ru_sacrificial_ziggurat,
          chequers_temple_overflow_statue_of_worship
D:5:      layout_loops_ring, minmay_temple_entry_grid, serial_shops,
          nicolae_shop_window_shopping, portal_sewer_entry_c,
          nicolae_shop_i_like_big_books, hangedman_abyss_or_decor_lesser_grid
D:6:      layout_basic, uniq_sigmund, uniq_duvessa
D:7:      layout_gridville
D:8:      layout_rooms
D:9:      layout_basic, mainiacjoe_overflow_concentric_impassable, uniq_amaemon
D:10:     layout_rooms, nicolae_qazlal_eye_of_the_storm,
          amethyst_overflow_temple_binary, erik_lair_dragon, orc_0_dummy,
          serial_shops, shop_coins, ebering_ghost_gozag, kennysheep_dice
D:11:     minmay_the_grid_triangle_9x9_recursive_3_mashed
          [minmay_the_grid_triangle_9x9_shrine,
          minmay_the_grid_triangle_9x9_alien,
          minmay_the_grid_triangle_9x9_wacky_v,
          minmay_the_grid_triangle_9x9_prize_center,
          minmay_the_grid_triangle_9x9_warning,
          minmay_the_grid_triangle_9x9_corruption,
          minmay_the_grid_triangle_9x9_skeleton,
          minmay_the_grid_triangle_9x9_minimal,
          minmay_the_grid_triangle_9x9_longest], layout_loops_ring
Temple:   hellmonk_temple_two_chambers
Lair:1:   layout_cellular_growth, uniq_maggie
Lair:2:   beast_lair_carwin_large_2, layout_cave_pods, spider_nest_entry_webs,
          serial_bayou_pond_c
Lair:3:   layout_cellular_growth, elwin_shoals_entry_rocks,
          gauntlet_entry_generic
Lair:4:   layout_hall_layers, dpeg_slime_entry_enclosed
Lair:5:   guppyfry_lair_end_dragon, layout_regular_city, wormcave,
          gammafunk_lair_bear_cave, grunt_megastairs_4

Skill      XL: |  1  2  3  4  5  6  7  8  9 10 11 12 13 |
---------------+----------------------------------------+-----
Short Blades   | 3 4 5 6 8 9 10 11 | 11.1
Armour         | 1 2 3 4 |  4.3
Dodging        | 3 4 5 7 8 9 |  9.9
Spellcasting   | 1 2 3 4 5 6 7 8 10 | 10.1
Stealth        | 1 2 3 |  3.8
Fighting       | 3 4 5 6 8 9 10 | 10.3
Necromancy     | 3 5 7 9 |  9.0
Throwing       | 2 |  2.0
Shields        | 1 2 |  2.9
Ice Magic      | 3 |  3.2
Hexes          | 1 |  1.7
Long Blades    | |  0.9

Action                     |  1- 3 |  4- 6 |  7- 9 | 10-12 | 13-15 || total
---------------------------+-------+-------+-------+-------+-------++-------
  Melee: Rapier            |   100 |   179 |   774 |   981 |   453 ||  2487
         Punch             |       |     2 |    17 |    17 |       ||    36
         Dagger            |       |       |       |    20 |       ||    20
         Long sword        |       |       |       |    20 |       ||    20
  Throw: Throwing net      |       |       |     4 |     1 |       ||     5
         Javelin           |       |       |       |     3 |     1 ||     4
   Cast: Necrotise         |       |       |       |    19 |     5 ||    24
         Cigotuvi's Dreadf |       |       |       |     4 |     1 ||     5
         Vampiric Draining |       |       |       |    35 |     2 ||    37
         Anguish           |       |       |       |     8 |    28 ||    36
         Frozen Ramparts   |       |       |       |     5 |    38 ||    43
         Death Channel     |       |       |       |       |     5 ||     5
    Use: Scroll            |     7 |       |    16 |     8 |       ||    31
         Potion            |     2 |     1 |     3 |    16 |     3 ||    25
   Stab: Sleeping          |     1 |     4 |     3 |     2 |     1 ||    11
         Held in net/web   |       |       |     4 |     3 |       ||     7
 Armour: Leather armour    |    32 |    62 |    74 |   161 |   179 ||   508
         Robe              |       |       |   193 |   168 |       ||   361
         Skin              |       |       |    31 |   117 |       ||   148
  Dodge: Dodged            |    64 |    98 |   434 |   676 |   244 ||  1516
  Block: Other             |       |       |       |   146 |       ||   146
         Reflection        |       |       |       |     2 |       ||     2
         Orb               |       |       |       |    20 |    73 ||    93
